 Dungeon Sprint DCSS version 0.30.0-30-g96aa6591b8 (webtiles) character file.

Game seed: 3377208595244578106

5 Ayven the Chopper (level 1, -8/18 HPs)
             Began as a Minotaur Gladiator on June 29, 2023.
             Mangled by a gnoll
             ... wielding a +0 flail
              (9 damage)
             ... in the Dungeon (Sprint IX: "|||||||||||||||||||||||||||||").
             The game lasted 00:00:02 (25 turns).

Ayven the Chopper (Minotaur Gladiator)                Turns: 25, Time: 00:00:03

Health: -8/18      AC:  3    Str: 18    XL:     1   Next: 66%
Magic:  0/0        EV: 12    Int:  5    God:
Gold:   0          SH:  0    Dex: 11    Spells: 0/0 levels left

rFire   . . .        a - +0 war axe
rCold   . . .        (no shield)
rNeg    . . .        b - +0 leather armour
rPois   .            c - +0 hat
rElec   .            (no cloak)
rCorr   .            (no gloves)
SInv    .            (no boots)
Will    .....        (no amulet)
Stlth   +            (no ring)
HPRegen 0.23/turn    (no ring)
MPRegen 0.07/turn

%: no teleportation
@: no status effects
A: horns 2, retaliatory headbutt
a: no special abilities


You were in the Dungeon.
You visited 1 branch

Inventory:

Hand Weapons
 a - a +0 war axe (weapon)
Missiles
 d - 3 throwing nets (quivered)
 e - a javelin
Armour
 b - a +0 leather armour (worn)
 c - a +0 hat (worn)
Scrolls
 k - a scroll of blinking
Potions
 f - a potion of curing
 g - a potion of heal wounds
 h - a potion of haste
 i - 2 potions of magic
 j - a potion of berserk rage


   Skills:
 + Level 2.7 Fighting
 + Level 4.5 Axes
 + Level 2.2 Throwing
 + Level 4.0 Dodging


You couldn't memorise any spells.
You didn't know any spells.
Your spell library was empty.

Dungeon Overview and Level Annotations

Branches:
Dungeon (1/1)

Altars:


Innate Abilities, Weirdness & Mutations

You have a pair of horns on your head.
You reflexively headbutt those who attack you in melee.


Message History

You are frozen.
The endoplasm closely misses you. You furiously retaliate!
You headbutt the endoplasm. You slash the endoplasm!
You kill the endoplasm!
You barely miss the goblin. The goblin hits you but does no damage.
You closely miss the goblin. You headbutt the goblin.
The goblin is almost dead.
The goblin hits you but does no damage. The goblin closely misses you.
You hit the goblin.
You kill the goblin!
Your Dodging skill increases to level 4!
You closely miss the kobold.
You headbutt the kobold, but do no damage.
The kobold closely misses you. You furiously retaliate!
You headbutt the kobold.
You kill the kobold!
Items here: ( ))) ††.
You open the door. 2 hounds, a dart slug, a phantom and a gnoll come into view.
The hound barks!
The gnoll shouts!
You closely miss the gnoll. The gnoll closely misses you.
You hit the gnoll but do no damage. You headbutt the gnoll!
The gnoll is heavily wounded.
The gnoll hits you with a +0 flail! The gnoll barely misses you.
You closely miss the gnoll.
The gnoll is heavily wounded.
The gnoll misses you.
You closely miss the gnoll.
The gnoll is heavily wounded.
The gnoll barely misses you.
You closely miss the gnoll.
The gnoll is heavily wounded.
The gnoll hits you with a +0 flail!
Ouch! That really hurt!
* * * LOW HITPOINT WARNING * * *
You barely miss the gnoll.
The gnoll is heavily wounded.
The gnoll hits you with a +0 flail!
Ouch! That really hurt!
You die...

▓+▓
▓.▓
▓h▓
▓w▓
▓h▓
▓W▓
▓g▓
▓@▓
▓.▓
▓.▓
▓.▓
▓)▓
▓'▓
▓.▓
▓.▓
▓.▓


You could see a phantom, a hound, a gnoll, a dart slug and a jackal.

Vanquished Creatures
  A bat (D)
  An endoplasm (D)
  A goblin (D)
  2 kobolds (D)
5 creatures vanquished.

Notes
Turn   | Place    | Note
-------+----------+-------------------------------------------
     0 | D        | Ayven the Minotaur Gladiator began the quest for the Orb.
     0 | D        | Reached XP level 1. HP: 18/18 MP: 0/0
    19 | D        | Noticed a hound
    19 | D        | Noticed a phantom
    25 | D        | Mangled by a gnoll

Illustrated notes

Levels and vault maps discovered:
D:        linesprint [early_d, line_temple, items_1, d_10, items_2, lair_1,
          lair_end, items_3, orc_1, orc_end, items_4, d_15, swamp_1, shoals_1,
          snake_1, spider_1, d_20, vaults_1, items_5, swamp_end, shoals_end,
          snake_end, spider_end, vaults_end, d_27, items_6, zot_1, zot_end,
          crypt_end, forest_end, elf_end, slime_end, tomb_end, abyss_end,
          pan_hell_end]

Skill      XL: |  1 |
---------------+----+-----
Axes           | 4 |  4.5
Dodging        | 4 |  4.0
Fighting       | |  2.7
Throwing       | |  2.2

Action                     || total
---------------------------++-------
  Melee: War axe           ||    15
         Headbutt          ||     3
 Armour: Leather armour    ||     5
  Dodge: Dodged            ||     8
